 Dungeon Crawl Stone Soup version 0.29-a0-721-g7f417c9bbb (webtiles) character file.

Game seed: 12576863184958082315

113 gobodom the Magician (level 4, 0/27 (30) HPs)
             Began as a Demonspawn Hedge Wizard on June 28, 2022.
             Was a Priest of Jiyva.
             Slain by an iguana (13 damage)
             ... on level 4 of the Dungeon.
             The game lasted 00:13:31 (2775 turns).

gobodom the Magician (Demonspawn Hedge Wizard)      Turns: 2775, Time: 00:13:31

HP:   0/27 (30)     AC:  2    Str: 18    XL:     4   Next: 65%
MP:   10/10         EV: 12    Int: 16    God:    Jiyva [***...]
Gold: 139           SH:  0    Dex: 10    Spells: 8/11 levels left

rFire   . . .      SeeInvis .   a - +0 dagger
rCold   . . .      Faith    .   (no shield)
rNeg    . . .      Spirit   .   b - +0 robe
rPois   .          Reflect  .   c - +0 hat
rElec   .          Harm     .   (no cloak)
rCorr   +          Rampage  .   (no gloves)
Will    .....      Clarity  +   (no boots)
Stlth   ++........              (no amulet)
HPRegen 1.21/turn               (no ring)
MPRegen 0.47/turn               (no ring)

@: heavily drained
A: weakness stinger 2, demonic touch 1, antennae 1, clarity, strong 2
a: Renounce Religion, Oozemancy


You were on level 4 of the Dungeon.
You worshipped Jiyva.
Jiyva was most pleased with you.
You visited 1 branch of the dungeon, and saw 5 of its levels.

You collected 139 gold pieces.

Inventory:

Hand Weapons
 a - a +0 dagger (weapon)
Missiles
 s - a throwing net
Armour
 b - a +0 robe (worn)
 c - a +0 hat (worn)
Scrolls
 e - 2 scrolls of noise
 m - 2 scrolls of blinking {unknown}
 n - a scroll of silence {unknown}
 o - 2 scrolls of enchant armour {unknown}
 p - 2 scrolls of fear {unknown}
 q - a scroll of brand weapon {unknown}
 t - a scroll of immolation {unknown}
Potions
 d - a potion of magic
 h - a potion of curing
 i - 2 potions of heal wounds {unknown}
 l - a potion of resistance {unknown}
 r - a potion of lignification {unknown}


   Skills:
 + Level 0.1 Fighting
 + Level 0.9 Short Blades
 + Level 2.3 Dodging
 + Level 2.4 Stealth
 + Level 4.0 Spellcasting
 + Level 1.8 Conjurations
 + Level 1.2 Summonings
 + Level 0.8 Translocations


You had 8 spell levels left.
You knew the following spells:

 Your Spells              Type           Power      Damage    Failure   Level
a - Magic Dart            Conj           36%        1d4       9%          1
b - Call Imp              Summ           7%         N/A       16%         2

Your spell library contained the following spells:

 Spells                   Type           Power      Damage    Failure   Level
 Slow                     Hex            12%        N/A       17%         1
 Blink                    Tloc           10%        N/A       19%         2
 Conjure Flame            Conj/Fire      6%         6-21      34%         3
 Mephitic Cloud           Conj/Pois/Air  5%         N/A       36%         3


Dungeon Overview and Level Annotations

Branches:
Dungeon (5/15)             Temple (0/1) D:4

Altars:
Dithmenos
Okawaru
Xom
Zin
The Shining One
Jiyva

Annotations:
D:4 2 transporters


Innate Abilities, Weirdness & Mutations

You have a tail ending in a sharp stinger.
Your touch may inflict minor irresistible damage on your foes.
You have a pair of small antennae on your head.
You possess an exceptional clarity of mind.
Your muscles are very strong. (Str +8, Int/Dex -2)


Message History

The necrophage hits you.
You feel drained. The hound bites you.
There is a stone staircase leading down here.
The hound barely misses you.
There is a stone staircase leading up here.
The hound bites you but does no damage. The necrophage hits you!
You feel drained.
You climb upwards.
Level annotation: 2 transporters
There is a stone staircase leading down here.
The hound misses you.
The necrophage hits you but does no damage.
The hound bites you.
The necrophage attacks as you move away!
The necrophage completely misses you. The hound barely misses you.
The hound bites you. The hound completely misses you.
The necrophage completely misses you. The hound barely misses you.
The necrophage attacks as you move away!
The necrophage misses you. The hound attacks as you move away!
The hound bites you.
* * * LOW HITPOINT WARNING * * *
The hound completely misses you. The hound attacks as you move away!
The hound closely misses you.
The necrophage attacks as you move away!
The necrophage hits you.
* * * LOW HITPOINT WARNING * * *
You feel drained.
* * * LOW HITPOINT WARNING * * *
The hound bites you but does no damage. The hound barely misses you.
The hound attacks as you move away! The hound bites you.
* * * LOW HITPOINT WARNING * * *
The hound barely misses you. The hound attacks as you move away!
The hound closely misses you. The hound closely misses you.
The iguana bites you. The hound closely misses you.
The hound attacks as you move away! The hound barely misses you.
The iguana bites you!
You die...

.........##.## *** *,,*
.......####..## *#.** ########
##..# *###.###****** #..##
*.......,,,,,* ##..#
*.......,,,,,> ##### #.n##
*.......,,,,,, #...#### ##..#
##............. .......###
#.h###.........J.... .........###
##l@#...............
...........####....#.............
.............###...#.....gg.g....
...........o###....#.............
...........#............l........
.........l...##..>.......g.<.....
.........#######.................
......#### ##................
....### ##...............


You could see a necrophage, an iguana and a hound.

Vanquished Creatures
  A bullfrog (D:3)
  A hound (D:4)
  A worm (D:2)
  4 dart slugs
  2 orcs
  4 endoplasms
  A giant cockroach (D:3)
  5 goblins
  6 hobgoblins
  A jackal (D:1)
  7 ball pythons
  A frilled lizard (D:2)
  3 kobolds
  3 rats (D:1)
40 creatures vanquished.

Vanquished Creatures (collateral kills)
  A hobgoblin (D:4)
1 creature vanquished.

Vanquished Creatures (others)
  A bullfrog (D:4)
  A jelly (D:4)
  An iguana (D:4)
  An orc (D:3)
  2 endoplasms (D:4)
  A giant cockroach (D:3)
  A hobgoblin (D:3)
  A bat (D:3)
  A frilled lizard (D:3)
  A kobold (D:3)
  6 plants
17 creatures vanquished.

Grand Total: 58 creatures vanquished

Notes
Turn   | Place    | Note
-------+----------+-------------------------------------------
     0 | D:1      | gobodom the Demonspawn Hedge Wizard began the quest for the
                  | Orb.
     0 | D:1      | Reached XP level 1. HP: 13/13 MP: 4/4
   229 | D:1      | Discovered your monstrous ancestry.
   229 | D:1      | Gained mutation: Your touch may inflict minor irresistible
                  | damage on your foes. [demonic ancestry]
   229 | D:1      | Reached XP level 2. HP: 7/19 MP: 3/6
   481 | D:1      | You fall into a shaft and drop 1 floor!
   837 | D:1      | Found a faded altar of an unknown god.
  1167 | D:1      | Gained mutation: You have a small tail. [demonic ancestry]
  1167 | D:1      | Reached XP level 3. HP: 24/24 MP: 6/8
  1326 | D:1      | Prayed at the altar of an unknown god.
  1326 | D:1      | Became a worshipper of Jiyva Jixt the Shapeless
  1326 | D:1      | Reached * piety under Jiyva
  1679 | D:3      | Found a shadowy altar of Dithmenos.
  1795 | D:3      | Reached ** piety under Jiyva
  1896 | D:3      | Found an iron altar of Okawaru.
  1897 | D:3      | Found a shimmering altar of Xom.
  2312 | D:4      | Gained mutation: You have a tail ending in a sharp stinger.
                  | [demonic ancestry]
  2312 | D:4      | Reached XP level 4. HP: 14/30 MP: 3/9
  2363 | D:4      | Noticed a bullfrog
  2428 | D:3      | Killed a bullfrog
  2505 | D:4      | Reached *** piety under Jiyva
  2505 | D:4      | Gained mutation: You possess an exceptional clarity of
                  | mind. [Jiyva's grace]
  2505 | D:4      | Gained mutation: Your muscles are strong. (Str +4, Int/Dex
                  | -1) [Jiyva's grace]
  2505 | D:4      | Gained mutation: Your muscles are very strong. (Str +8,
                  | Int/Dex -2) [Jiyva's grace]
  2505 | D:4      | Gained mutation: You have a pair of small antennae on your
                  | head. [Jiyva's grace]
  2574 | D:4      | Learned a level 2 spell: Call Imp
  2577 | D:4      | Found a transporter.
  2591 | D:4      | Reached skill level 4 in Spellcasting
  2623 | D:4      | Found a transporter.
  2646 | D:4      | Killed a bullfrog
  2669 | D:5      | Entered Level 5 of the Dungeon
  2696 | D:5      | Noticed a gnoll sergeant
  2705 | D:5      | Noticed a necrophage
  2749 | D:5      | Identified the +4 flail "Guut Luyss" {elec, +Blink rF-
                  | Will+ Int+2}
  2775 | D:4      | Slain by an iguana

Illustrated notes

Levels and vault maps discovered:
D:1:      dpeg_arrival_brainrot, layout_rooms, basic_ecumenical_altar
D:2:      layout_rooms
D:3:      layout_basic, grunt_dithmenos_smoke_and_mirrors,
          gammafunk_temple_overflow_forgotten, tso_metal_star
D:4:      gammafunk_wand_slinger, layout_cave_pods,
          nicolae_overflow_crystal_walls, minmay_temple_entry_overgrown
D:5:      layout_loops_cross

Skill      XL: |  1  2  3  4 |
---------------+-------------+-----
Dodging        | 2 |  2.3
Stealth        | 2 |  2.4
Spellcasting   | 4 |  4.0
Fighting       | |  0.1
Short Blades   | |  0.9
Conjurations   | |  1.8
Summonings     | |  1.2
Translocations | |  0.8

Action                   |  1- 3 |  4- 6 || total
-------------------------+-------+-------++-------
Melee: Dagger            |    55 |     7 ||    62
       Touch             |     9 |       ||     9
       Tailslap          |     3 |     1 ||     4
       Punch             |       |     1 ||     1
 Cast: Magic Dart        |    62 |    22 ||    84
       Call Imp          |       |     2 ||     2
  Use: Scroll            |       |     6 ||     6
       Potion            |       |     1 ||     1
 Stab: Sleeping          |     1 |       ||     1
Armor: Robe              |     8 |     4 ||    12
Dodge: Dodged            |    33 |    35 ||    68

Table legend: (Time is in decaauts)
 A = Elapsed time spent in this place.
 B = Non-inter-level travel time spent in this place.
 C = Inter-level travel time spent in this place.
 D = Time resting spent in this place.
 E = Time spent auto-exploring this place.
 F = Levels seen in this place.
 G = Mean time per level.
                   A        B        C        D        E       F      G
               +--------+--------+--------+--------+--------+-----+--------+
         Total |   2754 |   2565 |    189 |     19 |   1748 |   5 |  550.8 |
       Dungeon |   2754 |   2565 |    189 |     19 |   1748 |   5 |  550.8 |
               +--------+--------+--------+--------+--------+-----+--------+

Top non-repeatable levels by time:
     D:1: 1178 daAuts
     D:3: 665 daAuts
     D:2: 499 daAuts
     D:4: 321 daAuts
     D:5: 89 daAuts
